 Seeded DCSS version 0.31-a0-986-g5e6e4ef867 (webtiles) character file.

Game seed: 3451369682634171190 (custom seed)

81 timneilson the Ruffian (level 4, -1/29 HPs)
             Began as an Octopode Shapeshifter on Nov 25, 2023.
             Slain by Terence
             ... wielding a +0 hand axe
              (9 damage)
             ... on level 3 of the Dungeon.
             The game lasted 00:02:40 (1520 turns).

timneilson the Ruffian (Octopode Shapeshifter)      Turns: 1520, Time: 00:02:41

Health: -1/29      AC:  1    Str: 15    XL:     4   Next: 40%
Magic:  4/4        EV: 13    Int: 12    God:
Gold:   109        SH:  0    Dex: 11    Spells: 3/3 levels left

rFire   . .          .
                       - Unarmed
rCold   . . .        (no shield)
rNeg    . . .        (helmet currently unavailable)
rPois   .            e - amulet of the acrobat
rElec   .            (no ring)
rCorr   .            (no ring)
SInv    .            (no ring)
Will    .....        (no ring)
Stlth   +++          (no ring)
HPRegen 0.24/turn    (no ring)
MPRegen 0.09/turn    (no ring)
                     (no ring)

%: acrobat
@: beast-form, studying Unarmed Combat
A: beast (slay +1), almost no armour, amphibious, 8 rings, camouflage 1,
gelatinous body 1, (nimble swimmer 1), tentacles
a: Begin Untransformation


You were on level 3 of the Dungeon.
You were a hulking beast.
You visited 1 branch of the dungeon, and saw 3 of its levels.

You collected 109 gold pieces.

Inventory:

Jewellery
 d - a ring of ice
 e - an amulet of the acrobat (around mantle)
Talismans
 b - a beast talisman
 c - a flux talisman
Potions
 a - a potion of lignification
 f - 2 potions of brilliance {unknown}
 g - a potion of haste {unknown}
 i - a potion of curing {unknown}
 k - a potion of heal wounds {unknown}
 m - a potion of enlightenment {unknown}


   Skills:
 * Level 2.0 Fighting
 * Level 2.6 Dodging
 + Level 1.6 Stealth
 * Level 3.8 Unarmed Combat
 * Level 3.4 Shapeshifting


You had 3 spell levels left.
You didn't know any spells.
Your spell library contained the following spells:

 Spells                   Type           Power      Damage    Failure   Level
 Ensorcelled Hibernation  Hex/Ice        0%         N/A       45%         2
 Jinxbite                 Hex            0%         N/A       45%         2
 Anguish                  Hex/Necr       0%         N/A       97%         4


Dungeon Overview and Level Annotations

Branches:
Dungeon (3/15)

Altars:

Shops:
D:1 (=

Annotations:
D:3 Terence


Innate Abilities, Weirdness & Mutations

You are a hulking beast.
Your limbs bulge with bestial killing power. (Slay +1)
You cannot wear most types of armour.
You are amphibious.
You can wear up to eight rings at the same time.
Your skin changes colour to match your surroundings (Stealth+).
Your rubbery body absorbs attacks. (AC +1, EV +1)
((You are camouflaged when in or above water. (Stealth+)))
You have tentacles for arms and can constrict up to eight enemies at once.


Message History

An adder comes into view.
The adder hisses angrily.
You hear a shout!
Terence the Incautious comes into view.
He is wielding a +0 hand axe.
You tentacle-slap the adder. Your grab misses the adder.
The adder is moderately wounded.
The adder closely misses you.
You bludgeon the adder!
You kill the adder!
Your Fighting skill increases to level 2!
You see here an adder corpse.
You barely miss Terence. You grab Terence. You constrict Terence.
Terence hits you with a +0 hand axe!
You tentacle-slap Terence but do no damage.
Terence is lightly wounded.
You constrict Terence, but do no damage.
Terence hits you with a +0 hand axe.
You tentacle-slap Terence but do no damage.
Terence is lightly wounded.
You constrict Terence. Terence misses you.
You tentacle-slap Terence but do no damage.
Your squeeze misses Terence.
Terence is moderately wounded.
You constrict Terence, but do no damage.
Terence closely misses you.
You tentacle-slap Terence. You squeeze Terence.
Terence is moderately wounded.
You constrict Terence. Terence hits you with a +0 hand axe!
You tentacle-slap Terence but do no damage.
You squeeze Terence.
Terence is severely wounded.
You constrict Terence. Terence hits you with a +0 hand axe.
You tentacle-slap Terence but do no damage.
Terence is severely wounded.
You constrict Terence, but do no damage.
Terence hits you with a +0 hand axe.
* * * LOW HITPOINT WARNING * * *
You tentacle-slap Terence but do no damage.
Terence is severely wounded.
You constrict Terence. Terence hits you with a +0 hand axe!
You die...

####.#
#...#.#
##......#
##.......#
#.........
#.........
#..@......
###h......#
#.........#
#.#.#....#.
#.#.##.#.#
#.#....#.#
#........#
#........#
#.#...<..#
##.#...#.##


You could see Terence.

Vanquished Creatures
  4 adders
  4 dart slugs
  4 ball pythons
  3 endoplasms
  3 giant cockroaches
  5 goblins (D:1)
  4 hobgoblins
  2 quokkas
  2 bats (D:1)
  A frilled lizard (D:2)
  2 kobolds (D:1)
  4 rats
38 creatures vanquished.

Notes
Turn   | Place    | Note
-------+----------+-------------------------------------------
     0 | D:1      | timneilson the Octopode Shapeshifter began the quest for
                  | the Orb.
     0 | D:1      | Reached XP level 1. HP: 13/13 MP: 1/1
    79 | D:1      | Found Juceetep's Jewellery Shop.
   107 | D:1      | Noticed a golden eye
   110 | D:1      | Found a faded altar of an unknown god.
   122 | D:1      | Reached XP level 2. HP: 18/18 MP: 2/2
   123 | D:1      | Noticed an eye of devastation
   123 | D:1      | Noticed a golden eye
   123 | D:1      | Noticed a glass eye
   197 | D:1      | Found Mylaamin's Weapon Shop.
   642 | D:1      | Reached XP level 3. HP: 20/23 MP: 3/3
   843 | D:2      | Reached skill level 1 in Stealth
   852 | D:2      | Identified a scroll of acquirement
   852 | D:2      | Acquired a manual of Unarmed Combat
  1237 | D:2      | Reached XP level 4. HP: 29/29 MP: 4/4
  1508 | D:3      | Noticed Terence
  1520 | D:3      | Slain by Terence

Illustrated notes

Levels and vault maps discovered:
D:1:      spicycebolla_green_bress_n_ham, layout_basic,
          hellmonk_ecumenical_altar_watching_god, serial_shops,
          nicolae_shop_gaudy_bauble, shop
D:2:      layout_loops_ring
D:3:      layout_loops_cross, grunt_temple_overflow_open,
          hangedman_decor_opposing, corexii_hall_statues_l, uniq_terence

Skill      XL: |  1  2  3  4 |
---------------+-------------+-----
Stealth        | 1 |  1.6
Fighting       | 2 |  2.0
Dodging        | |  2.6
Unarmed Combat | |  3.8
Shapeshifting  | |  3.4

Action                     |  1- 3 |  4- 6 || total
---------------------------+-------+-------++-------
  Melee: Unarmed           |    63 |    18 ||    81
         Constrict         |    17 |     4 ||    21
         Tentacles         |    13 |     3 ||    16
         Punch             |     2 |       ||     2
    Use: Scroll            |     2 |     3 ||     5
   Stab: Sleeping          |     7 |       ||     7
 Armour: Skin              |    20 |     9 ||    29
  Dodge: Dodged            |    42 |     8 ||    50

Table legend: (Time is in decaauts)
 A = Elapsed time spent in this place.
 B = Non-inter-level travel time spent in this place.
 C = Inter-level travel time spent in this place.
 D = Time resting spent in this place.
 E = Time spent auto-exploring this place.
 F = Levels seen in this place.
 G = Mean time per level.
                   A        B        C        D        E       F      G
               +--------+--------+--------+--------+--------+-----+--------+
         Total |   1514 |   1470 |     44 |      0 |   1165 |   3 |  504.7 |
       Dungeon |   1514 |   1470 |     44 |      0 |   1165 |   3 |  504.7 |
               +--------+--------+--------+--------+--------+-----+--------+

Top non-repeatable levels by time:
     D:1: 808 daAuts
     D:2: 663 daAuts
     D:3: 41 daAuts
